 Dungeon Crawl Stone Soup version 0.28.0-62-gf88900778d (webtiles) character file.

Game seed: 283834065805865180

253 cbfl8 the Chopper (level 5, -1/48 HPs)
             Began as a Minotaur Berserker on Apr 25, 2023.
             Was a Believer of Trog.
             Killed from afar by Sigmund (6 damage)
             ... with a puff of flame
             ... on level 4 of the Dungeon.
             The game lasted 00:02:33 (2406 turns).

cbfl8 the Chopper (Minotaur Berserker)              Turns: 2406, Time: 00:02:33

Health: -1/48      AC:  7    Str: 21    XL:     5   Next: 90%
Magic:  4/4        EV: 10    Int:  4    God:    Trog [**....]
Gold:   104        SH:  0    Dex: 12    Spells: 4/4 levels left

rFire   . . .      SeeInvis .   j - +0 war axe
rCold   . . .      Faith    .   (no shield)
rNeg    . . .      Spirit   .   d - +0 scale mail
rPois   .          Reflect  .   (helmet restricted)
rElec   .          Harm     .   (no cloak)
rCorr   .          Rampage  .   (no gloves)
Will    .....                   (no boots)
Stlth   ..........              (no amulet)
HPRegen 0.16/turn               (no ring)
MPRegen 0.09/turn               (no ring)

@: on berserk cooldown, slowed, very slow
A: horns 2, retaliatory headbutt
a: Renounce Religion, Berserk, Trog's Hand


You were on level 4 of the Dungeon.
You worshipped Trog.
Trog was pleased with you.
You visited 1 branch of the dungeon, and saw 4 of its levels.

You collected 104 gold pieces.

Inventory:

Hand Weapons
 j - a +0 war axe (weapon)
Armour
 d - a +0 scale mail (worn)
Wands
 k - a wand of digging (1)
 l - a wand of flame (3)
Scrolls
 b - a scroll of enchant weapon {unknown}
 f - 3 scrolls of identify {unknown}
 g - a scroll of summoning {unknown}
 h - a scroll of immolation {unknown}
Potions
 a - 2 potions of haste {unknown}
 c - a potion of lignification {unknown}
 e - 2 potions of heal wounds {unknown}
 i - a potion of cancellation {unknown}
 m - a potion of flight {unknown}


   Skills:
 * Level 5.1 Fighting
 + Level 5.1 Axes
 * Level 4.2 Armour
 + Level 2.5 Dodging
 * Level 1.3 Stealth
 * Level 1.2 Evocations


You had 4 spell levels left.
You didn't know any spells.
Your spell library was empty.

Dungeon Overview and Level Annotations

Branches:
Dungeon (4/15)
 Temple: D:4-7

Altars:
Dithmenos
Gozag
Yredelemnul
Zin
The Shining One

Shops:
D:1 :

Annotations:
D:4 Sigmund


Innate Abilities, Weirdness & Mutations

You have a pair of horns on your head.
You reflexively headbutt those who attack you in melee.


Message History

There is a stone staircase leading up here.
You bump into the rock wall.
Sigmund hits you from afar with a +0 scythe.
Sigmund hits you from afar with a +0 scythe.
You feel less confused.
Sigmund casts a spell.
Sigmund flickers and vanishes!
Deactivating autopickup; reactivate with Ctrl-A.
You closely miss something. Something hits you but does no damage.
You hear some strange, mumbled words.
Something tries to affect you, but you resist.
You slash something! You headbutt something.
You hear some strange, mumbled words.
A puff of flame appears from out of thin air!
The puff of flame hits you.
You closely miss something. Your headbutt misses something.
Something hits you. x2
You closely miss something. You headbutt something! Something hits you.
You barely miss something.
You hear some strange, mumbled words.
A puff of flame appears from out of thin air!
The puff of flame hits you.
You hit something but do no damage. Something hits you but does no damage.
Something hits you.
You closely miss something. Your headbutt misses something. Something hits you.
You miss something. Something hits you but does no damage.
You hit something. Your headbutt misses something.
Something hits you but does no damage.
You miss something. Your headbutt misses something. Something hits you!
* * * LOW HITPOINT WARNING * * *
You hear some strange, mumbled words.
A magic dart appears from out of thin air!
The magic dart hits you.
* * * LOW HITPOINT WARNING * * *
You closely miss something. Something hits you but does no damage.
You hit something. Something hits you.
* * * LOW HITPOINT WARNING * * *
You hear some strange, mumbled words.
A puff of flame appears from out of thin air!
The puff of flame hits you.
You die...

......$ #...... #
. #..... .##
#.#..... .)#
#.......##.##
#......†....# #
#.... #....##.#
#.....##{##....#
.......<@#.....#.
.#.#...#.........
##..#.#.......
#.....#..##..#
#.#........ #
..##.##.#.#. ..
.. .### # ... ##.
.. .. #.


There were no monsters in sight!

Vanquished Creatures
  A black bear (D:4)
  Natasha (thrice) (D:3)
  4 adders
  A white imp (D:3)
  A worm (D:2)
  A dart slug (D:1)
  3 orcs (D:3)
  4 ball pythons
  2 endoplasms
  3 giant cockroaches
  3 goblins
  5 hobgoblins
  2 quokkas (D:1)
  3 bats
  3 frilled lizards
  5 kobolds
  2 rats (D:2)
46 creatures vanquished.

Notes
Turn   | Place    | Note
-------+----------+-------------------------------------------
     0 | D:1      | cbfl8 the Minotaur Berserker began the quest for the Orb.
     0 | D:1      | Reached XP level 1. HP: 19/19 MP: 0/0
     5 | D:1      | Found a faded altar of an unknown god.
   255 | D:1      | Reached XP level 2. HP: 27/27 MP: 1/1
   366 | D:1      | Found Cidghuc's Book Shoppe.
   714 | D:2      | Reached XP level 3. HP: 31/33 MP: 2/2
   820 | D:2      | Reached ** piety under Trog
  1400 | D:3      | Reached XP level 4. HP: 38/41 MP: 3/3
  1400 | D:3      | Found a shadowy altar of Dithmenos.
  1652 | D:3      | Found a glowing silver altar of Zin.
  1665 | D:3      | Found a basalt altar of Yredelemnul.
  1675 | D:3      | Found a glowing golden altar of the Shining One.
  1708 | D:3      | Noticed Natasha
  1712 | D:3      | Killed Natasha
  1766 | D:3      | Noticed Natasha
  1771 | D:3      | Killed Natasha
  1822 | D:3      | Found an opulent altar of Gozag.
  1872 | D:3      | Noticed Natasha
  1877 | D:3      | Killed Natasha
  1878 | D:3      | Reached skill level 1 in Stealth
  1878 | D:3      | Reached XP level 5. HP: 38/47 MP: 4/4
  2012 | D:3      | Noticed an angel
  2337 | D:3      | Noticed a profane servitor
  2376 | D:4      | Noticed Sigmund
  2377 | D:4      | Noticed a black bear
  2380 | D:4      | Killed a black bear
  2381 | D:4      | Reached skill level 5 in Fighting
  2381 | D:4      | Reached skill level 5 in Axes
  2381 | D:4      | Reached skill level 1 in Evocations
  2406 | D:4      | Killed from afar by Sigmund

Illustrated notes

Levels and vault maps discovered:
D:1:      doesnt_arrival_eight_statues, layout_basic, serial_shops,
          nicolae_shop_hallway_plus, basic_ecumenical_altar,
          chequers_serial_rivers_large_a
D:2:      layout_rooms
D:3:      layout_basic, grunt_temple_overflow_holy_war,
          nicolae_dithmenos_shadow_blocks,
          pdpol_temple_overflow_zin_treasury_gozag_greed, uniq_natasha
D:4:      layout_cave_pools, guppyfry_early_orc_mine, uniq_sigmund

Skill      XL: |  1  2  3  4  5 |
---------------+----------------+-----
Axes           | 4 5 |  5.1
Fighting       | 4 5 |  5.1
Armour         | 3 4 |  4.2
Stealth        | 1 |  1.3
Evocations     | 1 |  1.2
Dodging        | |  2.5

Action                   |  1- 3 |  4- 6 || total
-------------------------+-------+-------++-------
Melee: Hand axe          |    72 |       ||    72
       Headbutt          |    17 |     6 ||    23
       War axe           |     9 |    34 ||    43
       Punch             |     1 |       ||     1
Invok: Berserk           |     1 |     1 ||     2
Armor: Scale mail        |    34 |    11 ||    45
       Ring mail         |     4 |       ||     4
Dodge: Dodged            |    48 |    11 ||    59
